 Dungeon Crawl Stone Soup version 0.31-a0-698-g4a7cf283bb (webtiles) character file.

Game seed: 1417073456367405664

63 qw the Shooter (level 4, -1/28 HPs)
             Began as a Gargoyle Hunter on Sept 7, 2023.
             Slain by a black bear (4 damage)
             ... on level 4 of the Dungeon.
             The game lasted 00:00:34 (1066 turns).

qw the Shooter (Gargoyle Hunter)                    Turns: 1066, Time: 00:00:35

Health: -1/28      AC:  6    Str: 14    XL:     4   Next: 9%
Magic:  4/4        EV: 11    Int: 10    God:
Gold:   118        SH:  0    Dex: 15    Spells: 3/3 levels left

rFire   . . .        Y - +0 shortbow
rCold   . . .        (shield currently unavailable)
rNeg    + . .        c - +0 leather armour
rPois   inf          (no helmet)
rElec   +            (no cloak)
rCorr   .            (no gloves)
SInv    .            (no boots)
Will    .....        (no amulet)
Stlth   ++           (no ring)
HPRegen 0.24/turn    (no ring)
MPRegen 0.09/turn

%: no passive effects
@: no status effects
A: sickness immunity, AC +3, negative energy resistance 1, electricity
resistance, torment resistance 1, petrification resistance
a: no special abilities


You were on level 4 of the Dungeon.
You visited 1 branch of the dungeon, and saw 3 of its levels.

You collected 118 gold pieces.


Innate Abilities, Weirdness & Mutations

You are immune to sickness and miasma.
Your stone body is resilient. (AC +3)
You are immune to poison.
You resist negative energy. (rN+)
You are resistant to electric shocks. (rElec)
You are resistant to unholy torment.
You are immune to petrification.


   Skills:
 - Level 3.0 Fighting
 + Level 5.2 Ranged Weapons
 - Level 1.5 Dodging
 - Level 1.1 Stealth


You had 3 spell levels left.
You didn't know any spells.
Your spell library was empty.

Inventory:

Hand Weapons
 Y - a +0 shortbow (weapon)
Armour
 a - a +0 helmet
 c - a +0 leather armour (worn)
 e - the +0 pair of gloves of Ruboyb {Rampage rElec Str+3}
   (You found it on level 2 of the Dungeon)

   Str+3:     It affects your strength (+3).
   rElec:     It insulates you from electricity.
   Rampage:   It bestows one free step when moving towards enemies.
Jewellery
 b - a ring of flight
Scrolls
 h - a scroll of fear {unknown}
Potions
 d - a potion of heal wounds {unknown}
 f - a potion of attraction {unknown}
 g - a potion of curing {unknown}

Dungeon Overview and Level Annotations

Branches:
Dungeon (4/15)
 Temple: D:4-7

Altars:


Message History

There is an open door here.
There is an open door here.
Found a stone staircase leading down.
You see here 2 poisoned darts.
You open the door.
There is an open door here.
Found a stone staircase leading down.
A black bear comes into view.
You shoot an arrow.
The arrow completely misses the black bear.
The black bear growls angrily.
You shoot an arrow. The arrow hits the black bear.
The black bear is moderately wounded.
You shoot an arrow.
The arrow hits the black bear but does no damage.
The black bear is moderately wounded.
The black bear barely misses you. The black bear claws you. x2
You shoot an arrow.
The arrow hits the black bear but does no damage.
The black bear is moderately wounded.
The black bear bites you. The black bear claws you.
The black bear claws you but does no damage.
You shoot an arrow. The arrow hits the black bear!
The black bear is heavily wounded.
The black bear bites you but does no damage.
The black bear claws you. The black bear closely misses you.
The black bear bites you but does no damage.
The black bear claws you. The black bear closely misses you.
You shoot an arrow.
The arrow closely misses the black bear.
The black bear bites you! The black bear claws you.
The black bear barely misses you.
You shoot an arrow. The arrow hits the black bear.
The black bear is severely wounded.
The black bear bites you.
The black bear claws you but does no damage. x2
You shoot an arrow. The arrow hits the black bear.
The black bear is severely wounded.
The black bear bites you.
You die...

#. #. #####.##+#
#...#....#
#........#
#...>....#
#....h...+ #@..#
######...#
#........#
#........#
#.....>..#
#...##...#
#...##'###########
#................#
#................#


You could see a black bear.

Vanquished Creatures
  A gnoll (D:1)
  3 ball pythons
  3 bats
  2 endoplasms
  3 giant cockroaches (D:1)
  5 hobgoblins
  8 jackals
  3 kobolds (D:1)
  3 quokkas
  2 frilled lizards (D:2)
  6 goblins
  5 rats
44 creatures vanquished.

Notes
Turn   | Place    | Note
-------+----------+-------------------------------------------
     0 | D:1      | qw the Gargoyle Hunter began the quest for the Orb.
     0 | D:1      | Reached XP level 1. HP: 12/12 MP: 1/1
     0 | D:1      | 0 ||| qw: Version: 0.3-a-76-g4403597
     0 | D:1      | 0 ||| qw: Game counter: 369
     0 | D:1      | 0 ||| qw: Melee chars always use a shield: true
     0 | D:1      | 0 ||| qw: God list: Okawaru
     0 | D:1      | 0 ||| qw: Allow faded altars: false
     0 | D:1      | 0 ||| qw: Do Orc after clearing Dungeon:15 true
     0 | D:1      | 0 ||| qw: Do second Lair branch before Depths: true
     0 | D:1      | 0 ||| qw: Lair rune preference: random
     0 | D:1      | 0 ||| qw: Goals: Normal
     0 | D:1      | 0 ||| PLANNING D:1-11
   166 | D:1      | Reached XP level 2. HP: 15/17 MP: 2/2
   425 | D:1      | Reached XP level 3. HP: 21/21 MP: 3/3
   549 | D:1      | Reached skill level 5 in Ranged Weapons
   581 | D:1      | Found a faded altar of an unknown god.
   815 | D:1      | 815 ||| READING scroll labelled KUQ QAIDUCKO.
   816 | D:1      | 816 ||| READING scroll labelled KEOREPH PO YDYRO.
   817 | D:1      | 817 ||| DROPPING scroll of butterflies.
   961 | D:2      | Reached skill level 3 in Fighting
   961 | D:2      | Reached XP level 4. HP: 27/28 MP: 4/4
   969 | D:2      | Identified the +0 pair of gloves of Ruboyb {Rampage rElec
                  | Str+3}
  1015 | D:2      | You fall into a shaft and drop 2 floors!
  1058 | D:4      | Noticed a black bear
  1064 | D:4      | HP: 6/28 [black bear (3)]
  1066 | D:4      | Slain by a black bear

Levels and vault maps discovered:
D:1:      lightli_arrival_lavapool, layout_basic,
          dreamdust_ecumenical_altar_angels_and_demons
D:2:      layout_basic
D:4:      layout_gridville, vehumet_altar_wand_db, lemuel_tele_altar

Skill      XL: |  1  2  3 |
---------------+----------+-----
Ranged Weapons | 5 |  5.2
Fighting       | 3 |  3.0
Dodging        | |  1.5
Stealth        | |  1.1

Action                     |  1- 3 |  4- 6 || total
---------------------------+-------+-------++-------
   Fire: Shortbow          |   148 |    14 ||   162
    Use: Scroll            |     2 |       ||     2
 Armour: Leather armour    |    81 |    15 ||    96
  Dodge: Dodged            |    80 |     4 ||    84

Table legend:
 A = Non-vault XP
 B = Vault XP
 C = Vault XP percentage of total XP
 D = Non-vault monster count
 E = Vault monster count
 F = Vault count percentage of total count
                 A         B        C        D         E       F
            +---------+---------+-------+---------+---------+-------
      Total |      90 |       0 |   0.0 |      44 |       0 |   0.0
            +---------+---------+-------+---------+---------+-------
        D:1 |      64 |       0 |   0.0 |      29 |       0 |   0.0
        D:2 |      24 |       0 |   0.0 |      14 |       0 |   0.0
        D:4 |       2 |       0 |   0.0 |       1 |       0 |   0.0
            +---------+---------+-------+---------+---------+-------
